Senators vs Moose

Created - Monday, January 25, 2016 at 00:37

Goals
1 2 3 OT1 SO T
Senators 0 1 0 0 1 2
Moose 0 1 0 0 0 1
Shots
1 2 3 OT1 SO T
Senators 4 7 9 1 4 21
Moose 7 10 15 0 4 32

1st period

No Goal

Penalties :
Rasmus Rissanen (MAN) for Fighting (Major) at 3:45, Ryan Craig (BIN) for Fighting (Major) at 3:45, Garret Ross (MAN) for Hooking (Minor) at 6:27, Joel Edmundson (MAN) for Roughing (Minor) at 10:17, Scott Mayfield (MAN) for Interference (Minor) at 19:00

2nd period

1. Senators , Greg Nemisz 9 (Ryan Craig, Mike Brown) at 6:34
2. Moose , Cedric Paquette 12 (Brady Austin) at 11:21

Penalties :
FARM PLAYER21 (BIN) for Tripping (Minor) at 2:12

3rd period

No Goal

Penalties :
Ryan Malone (MAN) for Fighting (Major) at 0:27, Griffin Reinhart (BIN) for Fighting (Major) at 0:27, Brady Austin (MAN) for Fighting (Major) at 1:23, Greg Nemisz (BIN) for Fighting (Major) at 1:23, Tom Nilsson (BIN) for Hooking (Minor) at 3:51, Michael Schumacher (MAN) for Fighting (Major) at 7:29, Philip McRae (BIN) for Fighting (Major) at 7:29

Overtime #1

No Goal

Penalties :
No Penalty

Shootout

Penalty Shot by Emerson Etem for Senators - Stopped by Sam Brittain
Penalty Shot by Cedric Paquette for Moose - Shot Misses the Net
Penalty Shot by Cody Hodgson for Senators - Stopped by Sam Brittain
Penalty Shot by Josh Jooris for Moose - Stopped by Jean-Francois Berube
Penalty Shot by Colin Greening for Senators - Stopped by Sam Brittain
Penalty Shot by Ryan Malone for Moose - Stopped by Jean-Francois Berube
Penalty Shot by Ryan Craig for Senators - Goal!
Penalty Shot by Greg McKegg for Moose - Shot Misses the Net

Penalties :
No Penalty

Goalie Stats

Jean-Francois Berube (BIN), 31 saves from 32 shots - (0.969), W, 18-17-15, 65:00 minutes
Sam Brittain (MAN), 20 saves from 21 shots - (0.952), OTL, 19-6-9, 65:00 minutes

Players Stats for Senators

Player Name              G  A  P  +/- PIM S  H  SB GA TA FO     MP     PP MP  PK MP  
------------------------------------------------------------------------------------
Cody Hodgson             0  0  0   0  0   0  0  1  0  1  3/6    23:50   2:56   3:13 
Colin Greening           0  0  0   0  0   2  2  0  3  0  0/0    11:17   2:56   0:13 
Colton Orr               0  0  0   0  0   1  2  1  0  0  4/6    11:46   0:47   0:00 
Connor Brown             0  0  0   0  0   2  0  0  4  0  0/0    12:15   0:00   0:00 
Darcy Zajac              0  0  0   0  0   1  2  0  0  2  0/1     6:11   0:07   0:00 
Emerson Etem             0  0  0  -1  0   2  3  0  2  0  1/4    23:02   2:56   2:02 
Evan Trupp               0  0  0  -1  0   1  1  1  2  0  2/6    13:55   0:00   0:00 
FARM PLAYER21            0  0  0   0  2   0  0  0  0  0  0/0    18:21   0:00   1:21 
Greg Nemisz              1  0  1   1  5   3  0  0  1  2  0/0    16:27   3:01   0:00 
Griffin Reinhart         0  0  0   0  5   1  2  3  0  0  0/0    25:08   3:34   0:50 
Jesse Blacker            0  0  0   0  0   0  1  2  0  2  0/0    27:48   3:34   1:27 
Kenny Ryan               0  0  0  -1  0   1  3  0  0  0  1/1    17:22   0:00   1:43 
Matt Finn                0  0  0   0  0   0  0  1  0  2  0/0    22:24   2:23   2:31 
Mike Brown               0  1  1   1  0   2  4  0  6  0  0/0    18:35   3:01   0:00 
Philip McRae             0  0  0   0  5   3  2  1  1  1  1/4    10:59   0:00   0:00 
Ryan Craig               0  1  1   1  5   2  2  0  1  0  6/8    17:22   2:07   0:13 
Tom Nilsson              0  0  0   0  2   0  0  0  0  0  0/0    17:02   0:00   0:00 
Viktor Loov              0  0  0   0  0   0  2  1  1  2  0/0    22:24   2:23   2:31 

Players Stats for Moose

Player Name              G  A  P  +/- PIM S  H  SB GA TA FO     MP     PP MP  PK MP  
------------------------------------------------------------------------------------
Brady Austin             0  1  1   1  5   1  0  2  0  1  0/0    20:24   1:16   2:33 
Cedric Paquette          1  0  1   1  0   7  1  1  6  2  7/15   23:57   2:11   4:09 
Cody Kunyk               0  0  0   0  0   1  1  0  0  0  0/0    11:41   0:48   0:00 
Colin Smith              0  0  0   1  0   1  1  0  2  0  1/4    16:52   0:00   0:49 
Daniil Tarasov           0  0  0  -1  0   5  2  0  1  0  1/1    18:14   1:47   0:00 
Dylan Blujus             0  0  0   0  0   0  0  1  0  2  0/0    16:09   0:00   2:23 
Garret Ross              0  0  0  -1  2   4  1  0  3  1  0/1    19:13   1:47   0:00 
Greg McKegg              0  0  0  -1  0   3  0  0  2  1  5/7    20:27   1:47   1:33 
Joel Edmundson           0  0  0   0  2   1  2  0  0  1  0/0    22:53   1:34   2:30 
Jordon Southorn          0  0  0   0  0   2  1  0  0  0  0/0    16:12   1:08   0:00 
Josh Jooris              0  0  0   0  0   2  0  1  3  0  1/1    23:29   2:11   3:35 
Michael Schumacher       0  0  0   1  5   0  2  1  2  1  0/0    13:20   0:00   0:07 
Rasmus Rissanen          0  0  0  -1  5   1  2  2  0  1  0/0    26:24   1:34   2:02 
Rob Flick                0  0  0   0  0   0  2  1  0  0  3/4    13:39   0:00   0:08 
Ryan Malone              0  0  0   0  5   3  3  0  1  1  0/3    19:27   1:23   1:33 
Ryan Rupert              0  0  0   0  0   0  0  0  1  1  0/0     3:10   0:00   0:00 
Scott Mayfield           0  0  0   1  2   1  1  2  0  1  0/0    22:40   2:24   1:42 
Thomas Larkin            0  0  0  -1  0   0  0  1  0  0  0/0     5:45   0:00   0:44 

3 Stars

1 - Jean-Francois Berube (BIN)
2 - Sam Brittain (MAN)
3 - Cedric Paquette (MAN)

Power Play

Senators - 0 on 3 Attempt(s) - 0.00%
Moose - 0 on 2 Attempt(s) - 0.00%

Penalty Kill

Senators - 2 on 2 Attempt(s) - 100.00% - Score 0 goal in Penalty Kill
Moose - 3 on 3 Attempt(s) - 100.00% - Score 0 goal in Penalty Kill

Team Stat

Senators - Hits : 26 - Faceoff Wins : 18 - Blocked Shots : 11 - Penalty Minutes : 24
Moose - Hits : 19 - Faceoff Wins : 18 - Blocked Shots : 12 - Penalty Minutes : 26

Official

Referees : Unknown
Linesman : Unknown

Game Notes

Rasmus Rissanen and Ryan Craig fight to a draw at 3:45 of 1st period
Griffin Reinhart beats up Ryan Malone at 0:27 of 3rd period
Brady Austin beats up Greg Nemisz at 1:23 of 3rd period
Michael Schumacher beats up Philip McRae at 7:29 of 3rd period

Finance

Level 1 -- Attendance: 1626 (81.30%) -- Ticket Income $48,780
Level 2 -- Attendance: 809 (80.90%) -- Ticket Income $10,517
Total Attendance: 2435 (81.17%)
Total Ticket Income: $59,297
Other Income: $29,056
Total Income: $88,353

Senators

5 vs 5 Forward 
   Center                   Left Wing                Right Wing               Time % Phy DF OF 
 1 Cody Hodgson             Emerson Etem             Colin Greening           35     1   2  2  
 2 Ryan Craig               Mike Brown               Greg Nemisz              30     1   2  2  
 3 Evan Trupp               Emerson Etem             Kenny Ryan               22     1   2  2  
 4 Philip McRae             Cody Hodgson             Connor Brown             13     1   2  2  

5 vs 5 Defense 
   Defense                  Defense                                           Time % Phy DF OF 
 1 Griffin Reinhart         Jesse Blacker                                     35     1   2  2  
 2 Viktor Loov              Matt Finn                                         30     1   2  2  
 3 Tom Nilsson              FARM PLAYER21                                     22     1   2  2  
 4 Griffin Reinhart         Jesse Blacker                                     13     1   2  2  

PowerPlay Forward 
   Center                   Left Wing                Right Wing               Time % Phy DF OF 
 1 Cody Hodgson             Emerson Etem             Colin Greening           60     1   2  2  
 2 Ryan Craig               Mike Brown               Greg Nemisz              40     1   2  2  

PowerPlay Defense
   Defense                  Defense                                           Time % Phy DF OF 
 1 Griffin Reinhart         Jesse Blacker                                     60     1   2  2  
 2 Viktor Loov              Matt Finn                                         40     1   2  2  

Penalty Kill 4 Players Forward 
   Center                   Wing                     Time % Phy DF OF 
 1 Emerson Etem             Cody Hodgson             60     1   2  2  
 2 Colin Greening           Ryan Craig               40     1   2  2  

Penalty Kill 4 Players Defense
   Defense                  Defense                  Time % Phy DF OF 
 1 Griffin Reinhart         Jesse Blacker            60     1   2  2  
 2 Viktor Loov              Matt Finn                40     1   2  2  

Penalty Kill - 3 Players Forward 
   Forward                                           Time % Phy DF OF 
 1 Emerson Etem                                      60     1   2  2  
 2 Cody Hodgson                                      40     1   2  2  

Penalty Kill - 3 Players Defense
   Defense                  Defense                  Time % Phy DF OF 
 1 Griffin Reinhart         Jesse Blacker            60     1   2  2  
 2 Viktor Loov              Matt Finn                40     1   2  2  

4 vs 4 Forward 
   Center                   Wing                     Time % Phy DF OF 
 1 Emerson Etem             Cody Hodgson             60     1   2  2  
 2 Colin Greening           Ryan Craig               40     1   2  2  

4 vs 4 Defense
   Defense                  Defense                  Time % Phy DF OF 
 1 Griffin Reinhart         Jesse Blacker            60     1   2  2  
 2 Viktor Loov              Matt Finn                40     1   2  2  

Last Minutes Offensive
   Center                   Left Wing                Right Wing               Defense                  Defense                  
   Cody Hodgson             Emerson Etem             Colin Greening           Griffin Reinhart         Jesse Blacker            

Last Minutes Defensive
   Center                   Left Wing                Right Wing               Defense                  Defense                  
   Cody Hodgson             Emerson Etem             Colin Greening           Griffin Reinhart         Jesse Blacker            

Goaltenders
Starting : Jean-Francois Berube     
Backup : Cedrick Desjardins       

Extra Forwards
Normal : Colton Orr, Darcy Zajac, Kenny Ryan - PP : Colton Orr, Darcy Zajac - PK : Kenny Ryan
Extra Defensemen
Normal : Tom Nilsson, FARM PLAYER21, Viktor Loov - PP : Tom Nilsson - PK : FARM PLAYER21, Viktor Loov
Penalty Shots
Emerson Etem, Cody Hodgson, Colin Greening, Ryan Craig, Mike Brown

Moose

5 vs 5 Forward 
   Center                   Left Wing                Right Wing               Time % Phy DF OF 
 1 Cedric Paquette          Ryan Malone              Josh Jooris              35     1   2  2  
 2 Greg McKegg              Garret Ross              Daniil Tarasov           30     1   2  2  
 3 Colin Smith              Michael Schumacher       Cedric Paquette          22     1   2  2  
 4 Rob Flick                Josh Jooris              Ryan Malone              13     1   2  2  

5 vs 5 Defense 
   Defense                  Defense                                           Time % Phy DF OF 
 1 Rasmus Rissanen          Joel Edmundson                                    35     1   2  2  
 2 Scott Mayfield           Brady Austin                                      30     1   2  2  
 3 Jordon Southorn          Dylan Blujus                                      22     1   2  2  
 4 Thomas Larkin            Rasmus Rissanen                                   13     1   2  2  

PowerPlay Forward 
   Center                   Left Wing                Right Wing               Time % Phy DF OF 
 1 Cedric Paquette          Ryan Malone              Josh Jooris              60     1   2  2  
 2 Greg McKegg              Garret Ross              Daniil Tarasov           40     1   2  2  

PowerPlay Defense
   Defense                  Defense                                           Time % Phy DF OF 
 1 Rasmus Rissanen          Joel Edmundson                                    60     1   2  2  
 2 Scott Mayfield           Brady Austin                                      40     1   2  2  

Penalty Kill 4 Players Forward 
   Center                   Wing                     Time % Phy DF OF 
 1 Cedric Paquette          Josh Jooris              60     1   2  2  
 2 Ryan Malone              Greg McKegg              40     1   2  2  

Penalty Kill 4 Players Defense
   Defense                  Defense                  Time % Phy DF OF 
 1 Rasmus Rissanen          Joel Edmundson           60     1   2  2  
 2 Scott Mayfield           Brady Austin             40     1   2  2  

Penalty Kill - 3 Players Forward 
   Forward                                           Time % Phy DF OF 
 1 Cedric Paquette                                   60     1   2  2  
 2 Josh Jooris                                       40     1   2  2  

Penalty Kill - 3 Players Defense
   Defense                  Defense                  Time % Phy DF OF 
 1 Rasmus Rissanen          Joel Edmundson           60     1   2  2  
 2 Scott Mayfield           Brady Austin             40     1   2  2  

4 vs 4 Forward 
   Center                   Wing                     Time % Phy DF OF 
 1 Cedric Paquette          Josh Jooris              60     1   2  2  
 2 Ryan Malone              Greg McKegg              40     1   2  2  

4 vs 4 Defense
   Defense                  Defense                  Time % Phy DF OF 
 1 Rasmus Rissanen          Joel Edmundson           60     1   2  2  
 2 Scott Mayfield           Brady Austin             40     1   2  2  

Last Minutes Offensive
   Center                   Left Wing                Right Wing               Defense                  Defense                  
   Cedric Paquette          Ryan Malone              Josh Jooris              Rasmus Rissanen          Joel Edmundson           

Last Minutes Defensive
   Center                   Left Wing                Right Wing               Defense                  Defense                  
   Cedric Paquette          Ryan Malone              Josh Jooris              Rasmus Rissanen          Joel Edmundson           

Goaltenders
Starting : Sam Brittain             
Backup : Antoine Bibeau           

Extra Forwards
Normal : Cody Kunyk, Ryan Rupert, Colin Smith - PP : Cody Kunyk, Ryan Rupert - PK : Colin Smith
Extra Defensemen
Normal : Jordon Southorn, Dylan Blujus, Thomas Larkin - PP : Jordon Southorn - PK : Dylan Blujus, Thomas Larkin
Penalty Shots
Cedric Paquette, Josh Jooris, Ryan Malone, Greg McKegg, Garret Ross

% Time on Ice - Senators

Lines # - Real PCT - Wanted PCT - Time Play
Normal Forward
1 - 15% - 35% - 7:39
2 - 32% - 30% - 16:16
3 - 28% - 22% - 13:55
4 - 24% - 13% - 12:15
Normal Defense
1 - 31% - 35% - 15:35
2 - 31% - 30% - 15:43
3 - 30% - 22% - 14:48
4 - 8% - 13% - 3:59
PP Forward
1 - 49% - 60% - 2:56
2 - 51% - 40% - 3:01
PP Defense
1 - 60% - 60% - 3:34
2 - 40% - 40% - 2:23
PK Forward
1 - 95% - 60% - 3:45
2 - 5% - 40% - 0:13
PK Defense
1 - 37% - 60% - 1:27
2 - 63% - 40% - 2:31
PK3 Forward
1 - 0% - 60%
2 - 0% - 40%
PK3 Defense
1 - 0% - 60%
2 - 0% - 40%
44 Forward
1 - 100% - 60% - 5:00
2 - 0% - 40% - 0:00
44 Defense
1 - 64% - 60% - 3:13
2 - 36% - 40% - 1:47
Last Minute Offensive  - 0:00
Last Minute Defensive  - 0:00
Total
Forward - 65:00
Defense - 65:00

% Time on Ice - Moose

Lines # - Real PCT - Wanted PCT - Time Play
Normal Forward
1 - 12% - 35% - 5:56
2 - 33% - 30% - 16:27
3 - 29% - 22% - 14:22
4 - 27% - 13% - 13:20
Normal Defense
1 - 32% - 35% - 16:01
2 - 32% - 30% - 16:10
3 - 26% - 22% - 12:53
4 - 10% - 13% - 5:01
PP Forward
1 - 55% - 60% - 2:11
2 - 45% - 40% - 1:47
PP Defense
1 - 39% - 60% - 1:34
2 - 61% - 40% - 2:24
PK Forward
1 - 74% - 60% - 4:24
2 - 26% - 40% - 1:33
PK Defense
1 - 57% - 60% - 3:24
2 - 43% - 40% - 2:33
PK3 Forward
1 - 0% - 60%
2 - 0% - 40%
PK3 Defense
1 - 0% - 60%
2 - 0% - 40%
44 Forward
1 - 87% - 60% - 4:20
2 - 13% - 40% - 0:40
44 Defense
1 - 56% - 60% - 2:49
2 - 44% - 40% - 2:11
Last Minute Offensive  - 0:00
Last Minute Defensive  - 0:00
Total
Forward - 65:00
Defense - 65:00

Play by Play

1st period


0:01 of 1st period - Cedric Paquette wins face-off versus Cody Hodgson in neutral zone.
0:51 of 1st period - Griffin Reinhart is hit by Rasmus Rissanen and loses puck.
1:09 of 1st period - Jordon Southorn is hit by Mike Brown and loses puck.
1:51 of 1st period - Colin Smith is hit by Viktor Loov and loses puck.
1:56 of 1st period - Wrist shot by Emerson Etem.
1:56 of 1st period - Shot Misses the Net.
2:26 of 1st period - Wrist shot by Philip McRae.
2:26 of 1st period - Stopped by Sam Brittain with a rebound.
2:43 of 1st period - Matt Finn is hit by Ryan Malone and loses puck.
2:54 of 1st period - Snap shot by Josh Jooris.
2:54 of 1st period - Stopped by Jean-Francois Berube with a rebound.
2:58 of 1st period - Snap shot by Ryan Malone.
2:58 of 1st period - Shot Misses the Net.
3:00 of 1st period - Slapshot by Jordon Southorn.
3:00 of 1st period - Stopped by Jean-Francois Berube without a rebound.
3:01 of 1st period - Greg McKegg wins face-off versus Evan Trupp in Senators zone.
3:45 of 1st period - Rasmus Rissanen and Ryan Craig fight to a draw.
3:45 of 1st period - Penalty to Rasmus Rissanen for Fighting.
3:45 of 1st period - Penalty to Ryan Craig for Fighting.
3:46 of 1st period - Philip McRae wins face-off versus Ryan Malone in Moose zone.
5:12 of 1st period - Icing by Cedric Paquette.
5:13 of 1st period - Colton Orr wins face-off versus Colin Smith in Moose zone.
5:24 of 1st period - Snap shot by Mike Brown.
5:24 of 1st period - Stopped by Sam Brittain with a rebound.
5:58 of 1st period - Snap shot by Josh Jooris.
5:58 of 1st period - Shot Misses the Net.
6:00 of 1st period - Slapshot by Scott Mayfield.
6:00 of 1st period - Stopped by Jean-Francois Berube with a rebound.
6:02 of 1st period - Snap shot by Rob Flick.
6:02 of 1st period - Shot Misses the Net.
6:16 of 1st period - Scott Mayfield is hit by Emerson Etem and loses puck.
6:25 of 1st period - Snap shot by Emerson Etem.
6:25 of 1st period - Shot Misses the Net.
6:27 of 1st period - Minor Penalty to Garret Ross for Hooking.
6:28 of 1st period - Colton Orr wins face-off versus Cedric Paquette in Moose zone.
7:02 of 1st period - Snap shot by Cedric Paquette.
7:02 of 1st period - Shot Misses the Net.
7:04 of 1st period - Slapshot by Dylan Blujus.
7:04 of 1st period - Shot Blocked by Viktor Loov.
7:06 of 1st period - Slapshot by Joel Edmundson.
7:06 of 1st period - Shot Misses the Net.
7:34 of 1st period - Ryan Malone is hit by Mike Brown and loses puck.
8:26 of 1st period - Colin Smith is hit by Darcy Zajac and loses puck.
8:27 of 1st period - Penalty to Garret Ross is over, Garret Ross is back on ice.
8:55 of 1st period - Jordon Southorn is hit by Kenny Ryan and loses puck.
9:20 of 1st period - Garret Ross is hit by Philip McRae and loses puck.
9:35 of 1st period - Rasmus Rissanen is hit by Philip McRae.
9:59 of 1st period - Wrist shot by Evan Trupp.
9:59 of 1st period - Shot Blocked by Rasmus Rissanen.
10:01 of 1st period - Slapshot by Darcy Zajac.
10:01 of 1st period - Stopped by Sam Brittain with a rebound.
10:03 of 1st period - Snap shot by Evan Trupp.
10:03 of 1st period - Shot Misses the Net.
10:05 of 1st period - Snap shot by Matt Finn.
10:05 of 1st period - Shot Blocked by Rob Flick.
10:17 of 1st period - Minor Penalty to Joel Edmundson for Roughing.
10:18 of 1st period - Ryan Craig wins face-off versus Cedric Paquette in Moose zone.
10:21 of 1st period - Wrist shot by Mike Brown.
10:21 of 1st period - Shot Blocked by Scott Mayfield.
10:59 of 1st period - Slapshot by Emerson Etem.
10:59 of 1st period - Shot Blocked by Brady Austin.
11:50 of 1st period - Cedric Paquette is hit by Colin Greening and loses puck.
12:15 of 1st period - Dylan Blujus is hit by Ryan Craig and loses puck.
12:17 of 1st period - Penalty to Joel Edmundson is over, Joel Edmundson is back on ice.
13:16 of 1st period - Wrist shot by Emerson Etem.
13:16 of 1st period - Shot Misses the Net.
13:28 of 1st period - Michael Schumacher is hit by Colton Orr and loses puck.
14:00 of 1st period - Slapshot by Joel Edmundson.
14:00 of 1st period - Shot Blocked by Philip McRae.
14:02 of 1st period - Slapshot by Greg McKegg.
14:02 of 1st period - Deflect By Philip McRae.
14:02 of 1st period - Stopped by Jean-Francois Berube with a rebound.
14:04 of 1st period - Snap shot by Joel Edmundson.
14:04 of 1st period - Deflect By Daniil Tarasov.
14:04 of 1st period - Shot Misses the Net.
14:04 of 1st period - Puck is out of play.
14:05 of 1st period - Greg McKegg wins face-off versus Philip McRae in Senators zone.
14:06 of 1st period - Snap shot by Garret Ross.
14:06 of 1st period - Stopped by Jean-Francois Berube with a rebound.
14:08 of 1st period - Slapshot by Garret Ross.
14:08 of 1st period - Stopped by Jean-Francois Berube with a rebound.
14:28 of 1st period - Viktor Loov is hit by Joel Edmundson and loses puck.
14:37 of 1st period - Josh Jooris is hit by Mike Brown and loses puck.
14:52 of 1st period - Ryan Malone is hit by Colin Greening and loses puck.
15:25 of 1st period - Snap shot by Garret Ross.
15:25 of 1st period - Deflect By Daniil Tarasov.
15:25 of 1st period - Shot Misses the Net.
15:25 of 1st period - Puck is out of play.
15:26 of 1st period - Greg McKegg wins face-off versus Darcy Zajac in Senators zone.
15:27 of 1st period - Wrist shot by Garret Ross.
15:27 of 1st period - Deflect By Greg McKegg.
15:27 of 1st period - Stopped by Jean-Francois Berube without a rebound.
15:28 of 1st period - Ryan Craig wins face-off versus Garret Ross in Senators zone.
15:28 of 1st period - Ryan Craig is hit by Jordon Southorn.
15:34 of 1st period - Dylan Blujus is hit by Ryan Craig and loses puck.
15:50 of 1st period - Greg McKegg is hit by Griffin Reinhart and loses puck.
16:19 of 1st period - Snap shot by Evan Trupp.
16:19 of 1st period - Shot Hit the Post.
17:44 of 1st period - Tom Nilsson is hit by Cody Kunyk and loses puck.
17:53 of 1st period - Snap shot by Cody Hodgson.
17:53 of 1st period - Shot Misses the Net.
18:12 of 1st period - Slapshot by Jesse Blacker.
18:12 of 1st period - Shot Misses the Net.
19:00 of 1st period - Minor Penalty to Scott Mayfield for Interference.
19:01 of 1st period - Josh Jooris wins face-off versus Ryan Craig in Moose zone.
19:14 of 1st period - Snap shot by Mike Brown.
19:14 of 1st period - Shot Misses the Net.
19:38 of 1st period - Slapshot by Emerson Etem.
19:38 of 1st period - Shot Blocked by Dylan Blujus.
19:40 of 1st period - Slapshot by Colin Greening.
19:40 of 1st period - Deflect By Josh Jooris.
19:40 of 1st period - Stopped by Sam Brittain without a rebound.
19:41 of 1st period - Cody Hodgson wins face-off versus Cedric Paquette in Moose zone.
Goals for this period are 0 for Senators vs 0 for Moose.
Shots for this period are 4 for Senators vs 7 for Moose.

2nd period


0:01 of 2nd period - Cedric Paquette wins face-off versus Cody Hodgson in neutral zone.
0:48 of 2nd period - Icing by Griffin Reinhart.
0:49 of 2nd period - Ryan Craig wins face-off versus Ryan Malone in Senators zone.
1:00 of 2nd period - Penalty to Scott Mayfield is over, Scott Mayfield is back on ice.
1:44 of 2nd period - Slapshot by Evan Trupp.
1:44 of 2nd period - Stopped by Sam Brittain with a rebound.
1:46 of 2nd period - Slapshot by Viktor Loov.
1:46 of 2nd period - Deflect By Kenny Ryan.
1:46 of 2nd period - Stopped by Sam Brittain with a rebound.
1:48 of 2nd period - Snap shot by Evan Trupp.
1:48 of 2nd period - Shot Misses the Net.
2:12 of 2nd period - Minor Penalty to FARM PLAYER21 for Tripping.
2:13 of 2nd period - Cedric Paquette wins face-off versus Emerson Etem in Senators zone.
2:32 of 2nd period - Snap shot by Cedric Paquette.
2:32 of 2nd period - Stopped by Jean-Francois Berube with a rebound.
2:34 of 2nd period - Snap shot by Ryan Malone.
2:34 of 2nd period - Stopped by Jean-Francois Berube with a rebound.
3:39 of 2nd period - Slapshot by Daniil Tarasov.
3:39 of 2nd period - Deflect By Garret Ross.
3:39 of 2nd period - Stopped by Jean-Francois Berube with a rebound.
4:12 of 2nd period - Penalty to FARM PLAYER21 is over, FARM PLAYER21 is back on ice.
4:37 of 2nd period - Michael Schumacher is hit by Viktor Loov and loses puck.
5:13 of 2nd period - Snap shot by Mike Brown.
5:13 of 2nd period - Stopped by Sam Brittain with a rebound.
5:39 of 2nd period - Wrist shot by Michael Schumacher.
5:39 of 2nd period - Shot Misses the Net.
5:41 of 2nd period - Wrist shot by Cody Kunyk.
5:41 of 2nd period - Shot Misses the Net.
5:43 of 2nd period - Snap shot by Michael Schumacher.
5:43 of 2nd period - Shot Blocked by Griffin Reinhart.
5:45 of 2nd period - Snap shot by Colin Smith.
5:45 of 2nd period - Shot Blocked by Jesse Blacker.
6:25 of 2nd period - Greg Nemisz is hit by Garret Ross and loses puck.
6:32 of 2nd period - Wrist shot by Ryan Craig.
6:32 of 2nd period - Shot Blocked by Thomas Larkin.
6:34 of 2nd period - Wrist shot by Greg Nemisz.
6:34 of 2nd period - Goal by Greg Nemisz - Senators : 1 - Moose : 0.
6:35 of 2nd period - Colin Smith wins face-off versus Philip McRae in neutral zone.
7:03 of 2nd period - Off-side.
7:04 of 2nd period - Ryan Craig wins face-off versus Rob Flick in neutral zone.
7:19 of 2nd period - Greg Nemisz is hit by Ryan Malone and loses puck.
8:48 of 2nd period - Off-side.
8:49 of 2nd period - Ryan Craig wins face-off versus Colin Smith in neutral zone.
9:01 of 2nd period - Slapshot by Michael Schumacher.
9:01 of 2nd period - Deflect By Colin Smith.
9:01 of 2nd period - Stopped by Jean-Francois Berube with a rebound.
9:03 of 2nd period - Wrist shot by Michael Schumacher.
9:03 of 2nd period - Deflect By Cedric Paquette.
9:03 of 2nd period - Stopped by Jean-Francois Berube with a rebound.
9:05 of 2nd period - Snap shot by Joel Edmundson.
9:05 of 2nd period - Stopped by Jean-Francois Berube with a rebound.
10:07 of 2nd period - Slapshot by Philip McRae.
10:07 of 2nd period - Stopped by Sam Brittain with a rebound.
10:13 of 2nd period - Connor Brown is hit by Michael Schumacher and loses puck.
10:53 of 2nd period - Philip McRae is hit by Rob Flick and loses puck.
11:16 of 2nd period - Tom Nilsson is hit by Colin Smith and loses puck.
11:21 of 2nd period - Wrist shot by Cedric Paquette.
11:21 of 2nd period - Goal by Cedric Paquette - Senators : 1 - Moose : 1.
11:22 of 2nd period - Evan Trupp wins face-off versus Greg McKegg in neutral zone.
12:19 of 2nd period - Brady Austin is hit by Evan Trupp and loses puck.
12:28 of 2nd period - Emerson Etem is hit by Ryan Malone and loses puck.
13:51 of 2nd period - Wrist shot by Ryan Craig.
13:51 of 2nd period - Stopped by Sam Brittain with a rebound.
14:15 of 2nd period - Snap shot by Philip McRae.
14:15 of 2nd period - Stopped by Sam Brittain with a rebound.
15:55 of 2nd period - Kenny Ryan is hit by Daniil Tarasov and loses puck.
16:28 of 2nd period - Cedric Paquette is hit by Mike Brown and loses puck.
17:01 of 2nd period - Snap shot by Greg McKegg.
17:01 of 2nd period - Deflect By Daniil Tarasov.
17:01 of 2nd period - Stopped by Jean-Francois Berube with a rebound.
17:03 of 2nd period - Snap shot by Daniil Tarasov.
17:03 of 2nd period - Stopped by Jean-Francois Berube with a rebound.
17:43 of 2nd period - Cody Kunyk is hit by Kenny Ryan and loses puck.
18:29 of 2nd period - Off-side.
18:30 of 2nd period - Evan Trupp wins face-off versus Greg McKegg in neutral zone.
18:53 of 2nd period - Josh Jooris is hit by Darcy Zajac and loses puck.
19:13 of 2nd period - Greg Nemisz is hit by Rob Flick and loses puck.
19:40 of 2nd period - Snap shot by Greg McKegg.
19:40 of 2nd period - Stopped by Jean-Francois Berube without a rebound.
19:41 of 2nd period - Greg McKegg wins face-off versus Philip McRae in Senators zone.
Goals for this period are 1 for Senators vs 1 for Moose.
Shots for this period are 7 for Senators vs 10 for Moose.

3rd period


0:01 of 3rd period - Cody Hodgson wins face-off versus Ryan Malone in neutral zone.
0:22 of 3rd period - Snap shot by Cedric Paquette.
0:22 of 3rd period - Shot Blocked by Jesse Blacker.
0:24 of 3rd period - Wrist shot by Cedric Paquette.
0:24 of 3rd period - Shot Misses the Net.
0:26 of 3rd period - Snap shot by Joel Edmundson.
0:26 of 3rd period - Shot Blocked by Griffin Reinhart.
0:27 of 3rd period - Griffin Reinhart beats up Ryan Malone.
0:27 of 3rd period - Penalty to Ryan Malone for Fighting.
0:27 of 3rd period - Penalty to Griffin Reinhart for Fighting.
0:28 of 3rd period - Cody Hodgson wins face-off versus Cedric Paquette in Senators zone.
0:47 of 3rd period - Wrist shot by Emerson Etem.
0:47 of 3rd period - Shot Blocked by Rasmus Rissanen.
0:49 of 3rd period - Snap shot by Colin Greening.
0:49 of 3rd period - Shot Blocked by Cedric Paquette.
0:51 of 3rd period - Wrist shot by Colin Greening.
0:51 of 3rd period - Stopped by Sam Brittain with a rebound.
1:23 of 3rd period - Brady Austin beats up Greg Nemisz.
1:23 of 3rd period - Penalty to Brady Austin for Fighting.
1:23 of 3rd period - Penalty to Greg Nemisz for Fighting.
1:24 of 3rd period - Daniil Tarasov wins face-off versus Ryan Craig in Senators zone.
1:55 of 3rd period - Slapshot by Greg McKegg.
1:55 of 3rd period - Shot Misses the Net.
1:57 of 3rd period - Wrist shot by Daniil Tarasov.
1:57 of 3rd period - Deflect By Mike Brown.
1:57 of 3rd period - Stopped by Jean-Francois Berube without a rebound.
1:58 of 3rd period - Cedric Paquette wins face-off versus Cody Hodgson in Senators zone.
1:59 of 3rd period - Snap shot by Josh Jooris.
1:59 of 3rd period - Shot Blocked by Cody Hodgson.
2:01 of 3rd period - Wrist shot by Josh Jooris.
2:01 of 3rd period - Shot Misses the Net.
2:03 of 3rd period - Slapshot by Joel Edmundson.
2:03 of 3rd period - Shot Misses the Net.
2:05 of 3rd period - Slapshot by Rasmus Rissanen.
2:05 of 3rd period - Shot Misses the Net.
2:29 of 3rd period - Snap shot by Emerson Etem.
2:29 of 3rd period - Shot Hit the Post.
3:01 of 3rd period - Viktor Loov is hit by Daniil Tarasov and loses puck.
3:40 of 3rd period - Wrist shot by Colin Smith.
3:40 of 3rd period - Deflect By Cedric Paquette.
3:40 of 3rd period - Shot Blocked by Matt Finn.
3:40 of 3rd period - Puck is out of play.
3:41 of 3rd period - Rob Flick wins face-off versus Evan Trupp in Senators zone.
3:51 of 3rd period - Minor Penalty to Tom Nilsson for Hooking.
3:52 of 3rd period - Emerson Etem wins face-off versus Cedric Paquette in Senators zone.
4:30 of 3rd period - Snap shot by Greg McKegg.
4:30 of 3rd period - Shot Misses the Net.
4:32 of 3rd period - Snap shot by Daniil Tarasov.
4:32 of 3rd period - Stopped by Jean-Francois Berube with a rebound.
4:40 of 3rd period - Wrist shot by Greg McKegg.
4:40 of 3rd period - Deflect By Daniil Tarasov.
4:40 of 3rd period - Shot Misses the Net.
4:40 of 3rd period - Puck is out of play.
4:41 of 3rd period - Kenny Ryan wins face-off versus Cedric Paquette in Senators zone.
4:41 of 3rd period - Kenny Ryan is hit by Rasmus Rissanen.
5:23 of 3rd period - Wrist shot by Garret Ross.
5:23 of 3rd period - Shot Misses the Net.
5:27 of 3rd period - Penalty to Griffin Reinhart is over, Griffin Reinhart is back on ice.
5:48 of 3rd period - Slapshot by Jordon Southorn.
5:48 of 3rd period - Deflect By Cody Hodgson.
5:48 of 3rd period - Stopped by Jean-Francois Berube with a rebound.
5:50 of 3rd period - Snap shot by Cedric Paquette.
5:50 of 3rd period - Shot Misses the Net.
5:51 of 3rd period - Penalty to Tom Nilsson is over, Tom Nilsson is back on ice.
5:52 of 3rd period - Slapshot by Cedric Paquette.
5:52 of 3rd period - Stopped by Jean-Francois Berube with a rebound.
7:23 of 3rd period - Connor Brown is hit by Scott Mayfield and loses puck.
7:29 of 3rd period - Michael Schumacher beats up Philip McRae.
7:29 of 3rd period - Penalty to Michael Schumacher for Fighting.
7:29 of 3rd period - Penalty to Philip McRae for Fighting.
7:30 of 3rd period - Rob Flick wins face-off versus Evan Trupp in Senators zone.
7:55 of 3rd period - Snap shot by Ryan Malone.
7:55 of 3rd period - Shot Hit the Post.
7:57 of 3rd period - Slapshot by Joel Edmundson.
7:57 of 3rd period - Shot Misses the Net.
9:01 of 3rd period - Slapshot by Cedric Paquette.
9:01 of 3rd period - Stopped by Jean-Francois Berube with a rebound.
9:03 of 3rd period - Snap shot by Scott Mayfield.
9:03 of 3rd period - Shot Misses the Net.
9:05 of 3rd period - Backhand shot by Cedric Paquette.
9:05 of 3rd period - Deflect By Colin Smith.
9:05 of 3rd period - Shot Blocked by Griffin Reinhart.
9:05 of 3rd period - Puck is out of play.
9:06 of 3rd period - Cedric Paquette wins face-off versus Colton Orr in Senators zone.
9:10 of 3rd period - Slapshot by Cedric Paquette.
9:10 of 3rd period - Deflect By Colin Smith.
9:10 of 3rd period - Shot Misses the Net.
9:10 of 3rd period - Puck is out of play.
9:11 of 3rd period - Colton Orr wins face-off versus Cedric Paquette in Senators zone.
9:43 of 3rd period - Slapshot by Connor Brown.
9:43 of 3rd period - Stopped by Sam Brittain with a rebound.
9:45 of 3rd period - Slapshot by Colton Orr.
9:45 of 3rd period - Stopped by Sam Brittain with a rebound.
10:01 of 3rd period - Wrist shot by Ryan Craig.
10:01 of 3rd period - Stopped by Sam Brittain with a rebound.
10:07 of 3rd period - Slapshot by Mike Brown.
10:07 of 3rd period - Shot Misses the Net.
10:09 of 3rd period - Snap shot by Ryan Craig.
10:09 of 3rd period - Shot Blocked by Brady Austin.
10:11 of 3rd period - Slapshot by Griffin Reinhart.
10:11 of 3rd period - Stopped by Sam Brittain with a rebound.
10:13 of 3rd period - Snap shot by Greg Nemisz.
10:13 of 3rd period - Stopped by Sam Brittain with a rebound.
10:15 of 3rd period - Wrist shot by Mike Brown.
10:15 of 3rd period - Deflect By Ryan Craig.
10:15 of 3rd period - Shot Blocked by Scott Mayfield.
10:15 of 3rd period - Puck is out of play.
10:16 of 3rd period - Greg McKegg wins face-off versus Emerson Etem in Moose zone.
11:14 of 3rd period - Evan Trupp is hit by Cedric Paquette and loses puck.
11:35 of 3rd period - Snap shot by Colin Smith.
11:35 of 3rd period - Deflect By Cedric Paquette.
11:35 of 3rd period - Shot Blocked by Evan Trupp.
11:35 of 3rd period - Puck is out of play.
11:36 of 3rd period - Colton Orr wins face-off versus Colin Smith in Senators zone.
11:56 of 3rd period - Wrist shot by Connor Brown.
11:56 of 3rd period - Stopped by Sam Brittain with a rebound.
12:31 of 3rd period - Slapshot by Garret Ross.
12:31 of 3rd period - Shot Misses the Net.
12:33 of 3rd period - Slapshot by Brady Austin.
12:33 of 3rd period - Deflect By Ryan Craig.
12:33 of 3rd period - Stopped by Jean-Francois Berube with a rebound.
12:59 of 3rd period - Slapshot by Ryan Malone.
12:59 of 3rd period - Deflect By Ryan Craig.
12:59 of 3rd period - Stopped by Jean-Francois Berube without a rebound.
13:00 of 3rd period - Rob Flick wins face-off versus Evan Trupp in Senators zone.
13:09 of 3rd period - Emerson Etem is hit by Joel Edmundson and loses puck.
13:38 of 3rd period - Wrist shot by Daniil Tarasov.
13:38 of 3rd period - Stopped by Jean-Francois Berube with a rebound.
13:54 of 3rd period - Wrist shot by Cedric Paquette.
13:54 of 3rd period - Shot Misses the Net.
13:56 of 3rd period - Slapshot by Cedric Paquette.
13:56 of 3rd period - Stopped by Jean-Francois Berube with a rebound.
13:58 of 3rd period - Snap shot by Cedric Paquette.
13:58 of 3rd period - Stopped by Jean-Francois Berube with a rebound.
14:14 of 3rd period - Wrist shot by Rob Flick.
14:14 of 3rd period - Shot Misses the Net.
15:32 of 3rd period - Josh Jooris is hit by Emerson Etem and loses puck.
15:41 of 3rd period - Snap shot by Josh Jooris.
15:41 of 3rd period - Deflect By Ryan Malone.
15:41 of 3rd period - Stopped by Jean-Francois Berube with a rebound.
16:31 of 3rd period - Wrist shot by Colin Smith.
16:31 of 3rd period - Shot Blocked by Colton Orr.
16:37 of 3rd period - Wrist shot by Cody Kunyk.
16:37 of 3rd period - Stopped by Jean-Francois Berube with a rebound.
16:57 of 3rd period - Snap shot by Josh Jooris.
16:57 of 3rd period - Stopped by Jean-Francois Berube without a rebound.
16:58 of 3rd period - Ryan Craig wins face-off versus Cedric Paquette in Senators zone.
17:30 of 3rd period - Snap shot by Garret Ross.
17:30 of 3rd period - Stopped by Jean-Francois Berube with a rebound.
17:32 of 3rd period - Slapshot by Rasmus Rissanen.
17:32 of 3rd period - Deflect By Connor Brown.
17:32 of 3rd period - Stopped by Jean-Francois Berube with a rebound.
17:52 of 3rd period - Wrist shot by Emerson Etem.
17:52 of 3rd period - Stopped by Sam Brittain with a rebound.
17:58 of 3rd period - Ryan Malone is hit by Kenny Ryan and loses puck.
18:23 of 3rd period - Snap shot by Colin Greening.
18:23 of 3rd period - Shot Blocked by Michael Schumacher.
18:29 of 3rd period - Jesse Blacker is hit by Michael Schumacher and loses puck.
19:10 of 3rd period - Snap shot by Mike Brown.
19:10 of 3rd period - Shot Misses the Net.
19:12 of 3rd period - Snap shot by Ryan Craig.
19:12 of 3rd period - Deflect By Greg Nemisz.
19:12 of 3rd period - Stopped by Sam Brittain with a rebound.
19:14 of 3rd period - Wrist shot by Ryan Craig.
19:14 of 3rd period - Shot Misses the Net.
Goals for this period are 0 for Senators vs 0 for Moose.
Shots for this period are 9 for Senators vs 15 for Moose.

Overtime #1


0:01 of 1st overtime period - Cedric Paquette wins face-off versus Emerson Etem in neutral zone.
1:07 of 1st overtime period - Wrist shot by Emerson Etem.
1:07 of 1st overtime period - Shot Blocked by Josh Jooris.
1:51 of 1st overtime period - Icing by Colton Orr.
1:52 of 1st overtime period - Cedric Paquette wins face-off versus Colton Orr in Senators zone.
1:55 of 1st overtime period - Backhand shot by Cedric Paquette.
1:55 of 1st overtime period - Shot Misses the Net.
2:13 of 1st overtime period - Cedric Paquette is hit by Colton Orr and loses puck.
2:30 of 1st overtime period - Joel Edmundson is hit by Emerson Etem and loses puck.
2:41 of 1st overtime period - Snap shot by Cody Hodgson.
2:41 of 1st overtime period - Deflect By Emerson Etem.
2:41 of 1st overtime period - Stopped by Sam Brittain with a rebound.
4:48 of 1st overtime period - Ryan Rupert is hit by Jesse Blacker and loses puck.
4:55 of 1st overtime period - Rasmus Rissanen is hit by Griffin Reinhart and loses puck.
Goals for this period are 0 for Senators vs 0 for Moose.
Shots for this period are 1 for Senators vs 0 for Moose.

ShootOut


5:00 of 1st overtime period - Penalty Shot by Emerson Etem for Senators.
5:00 of 1st overtime period - Backhand shot by Emerson Etem.
5:00 of 1st overtime period - Stopped by Sam Brittain.
5:00 of 1st overtime period - Penalty Shot by Cedric Paquette for Moose.
5:00 of 1st overtime period - Snap shot by Cedric Paquette.
5:00 of 1st overtime period - Shot Misses the Net.
5:00 of 1st overtime period - Penalty Shot by Cody Hodgson for Senators.
5:00 of 1st overtime period - Snap shot by Cody Hodgson.
5:00 of 1st overtime period - Stopped by Sam Brittain.
5:00 of 1st overtime period - Penalty Shot by Josh Jooris for Moose.
5:00 of 1st overtime period - Snap shot by Josh Jooris.
5:00 of 1st overtime period - Stopped by Jean-Francois Berube.
5:00 of 1st overtime period - Penalty Shot by Colin Greening for Senators.
5:00 of 1st overtime period - Deke by Colin Greening.
5:00 of 1st overtime period - Stopped by Sam Brittain.
5:00 of 1st overtime period - Penalty Shot by Ryan Malone for Moose.
5:00 of 1st overtime period - Snap shot by Ryan Malone.
5:00 of 1st overtime period - Stopped by Jean-Francois Berube.
5:00 of 1st overtime period - Penalty Shot by Ryan Craig for Senators.
5:00 of 1st overtime period - Wrist shot by Ryan Craig.
5:00 of 1st overtime period - Goal by Ryan Craig.
5:00 of 1st overtime period - Penalty Shot by Greg McKegg for Moose.
5:00 of 1st overtime period - Snap shot by Greg McKegg.
5:00 of 1st overtime period - Shot Misses the Net.